Map: New Repugnancy LE

Players

PeLLy

  • Race: Zerg Zerg
  • League: Diamond
  • Spawn Location: 7:00

RainBow - Winner!

  • Race: Protoss Protoss
  • Spawn Location: 1:00

VOD

Have the link to the VOD?

Description

Time

  • Played on: Aug. 13, 2019, 5:21 p.m.
  • Length: 8:19
Show
View Real Time Build Order
Export as new Build Order

PeLLy Zerg 

Build Orders: 3 Hatch before Pool 

Get SALT Encoding   

  12  0:00  Drone  
  13  0:08  Drone  
  14  0:15  Extractor  
  14  0:16  Drone  
  15  0:26  Overlord  
  15  0:44  Drone x2  
  15  0:47  Drone  
  18  0:59  Hatchery  
  18  1:01  Drone  
  18  1:23  Hatchery  
  17  1:37  Evolution Chamber  
  17  1:41  Drone  
  17  1:42  Drone, Spawning Pool  
  17  1:44  Drone  
  19  1:53  Drone  
  21  2:10  Drone  
  22  2:26  Overlord  
  22  2:30  Overlord  
  22  2:31  Hatchery  
  21  2:38  Drone x2  
  21  2:42  Queen x2  
  27  2:50  Zergling x2  
  27  2:51  Zergling x2  
  29  2:57  Zergling x2  
  30  2:59  Zergling x2  
  30  3:08  Extractor  
  28  3:13  Drone x2  
  29  3:30  Drone x3  
  31  3:38  Queen  
  31  3:40  Drone  
  31  3:41  Drone x2  
  35  3:44  Drone  
  37  3:52  Drone x2  
  39  3:58  Drone  
  39  4:01  Drone  
  41  4:12  Drone x6  
  47  4:18  Extractor  
  46  4:24  Extractor  
  46  4:28  Evolution Chamber  
  46  4:30  Evolution Chamber  
  43  4:32  Roach Warren, Drone  
  43  4:33  Drone x6  
  49  4:42  Lair, Extractor  
  48  4:48  Drone x2  
  48  4:50  Overlord x5  
  50  5:08  Queen  
  50  5:18  Spore Crawler  
  50  5:19  Spore Crawler  
  44  5:28  Spore Crawler  
  37  5:37  Drone x9  
  37  5:38  Drone  
  41  6:04  Zergling x6  
  41  6:05  Zergling x4  
  46  6:18  Zergling x10  
  49  6:21  Overseer  
  49  6:27  Zergling x6  
  51  6:47  Drone x6  
  57  6:54  Drone, Extractor  
  57  6:55  Drone x2  
  59  7:11  Drone x4  
  63  7:33  Hatchery  
  60  7:39  Roach x7  
  60  7:40  Roach  
  58  7:46  Roach x2  
  61  7:57  Spine Crawler x2  
  58  7:59  Roach x3, Evolution Chamber  
  58  8:00  Spine Crawler  
  57  8:08  Spine Crawler  
Show
View Real Time Build Order
Export as new Build Order

RainBow Protoss - Winner!

Build Orders: Zealot Archon, Dark Templar Rush 

Get SALT Encoding   

  12  0:01  Probe  
  13  0:18  Probe  
  13  0:21  Pylon  
  14  0:30  Probe  
  15  0:41  Gateway  
  15  0:42  Probe  
  16  0:47  Assimilator  
  16  0:54  Probe  
  17  1:10  Probe  
  18  1:18  Probe  
  18  1:19  Zealot  
  19  1:26  Probe  
  22  1:42  Probe  
  23  1:53  Cybernetics Core  
  23  1:59  Pylon  
  23  2:03  Assimilator  
  23  2:17  Probe  
  26  2:28  Adept  
  26  2:29  Probe  
  27  2:36  Twilight Council  
  27  2:42  Warp Gate, Probe  
  28  2:54  Probe  
  28  2:57  Nexus  
  29  3:17  Probe  
  28  3:25  Dark Shrine  
  28  3:29  Probe  
  28  3:31  Adept  
  27  3:34  Gateway  
  27  3:36  Shield Battery  
  27  3:41  Probe  
  30  3:53  Probe  
  31  4:09  Probe  
  32  4:11  Pylon  
  32  4:18  Gateway  
  32  4:22  Pylon  
  32  4:23  Probe x2  
  34  4:25  Pylon  
  34  4:35  Probe  
  34  4:38  Probe  
  36  4:43  Dark Templar x2  
  40  4:47  Probe  
  40  4:50  Probe  
  42  4:59  Probe  
  43  5:02  Gateway  
  43  5:04  Gateway  
  43  5:06  Robotics Facility  
  43  5:31  Probe x2  
  45  5:39  Probe x2  
  45  5:44  Charge  
  45  5:49  Probe x2  
  47  5:56  Gateway  
  49  5:59  Assimilator  
  49  6:00  Gateway, Zealot  
  49  6:01  Gateway, Probe, Zealot x3  
  49  6:03  Assimilator  
  58  6:06  Pylon  
  58  6:16  Probe x2  
  60  6:22  Warp Prism, Zealot  
  60  6:23  Zealot x4  
  70  6:46  Dark Templar  
  70  6:47  Dark Templar x2  
  70  6:48  Dark Templar  
  70  6:51  Archon  
  70  6:52  Archon  
  76  6:54  Zealot  
  78  7:02  Pylon  
  78  7:03  Pylon  
  78  7:06  Pylon  
  78  7:17  Pylon  
  78  7:23  Zealot x6  
  90  7:38  Dark Templar x2  
  94  7:57  Zealot x6  
  106  8:11  Dark Templar  
  106  8:12  Dark Templar  
Tags
 
Add a new tag
Caveats
  • Supply blocks, unpowered buildings, or Contaminate may cause inaccurate times.
  • Supply counts are checked every 10 seconds.